 Dungeon Crawl Stone Soup version 0.29-a0-284-gf9362112df (webtiles) character file.

Game seed: 8540201323817778856

4 sokol815 the Sneak (level 1, 0/14 HPs)
             Began as a Gargoyle Delver on Mar 25, 2022.
             Slain by a sky beast (1 damage)
             ... on level 5 of the Dungeon.
             The game lasted 00:00:14 (19 turns).

sokol815 the Sneak (Gargoyle Delver)                  Turns: 19, Time: 00:00:15

Health: 0/14       AC:  5    Str: 15    XL:     1   Next: 70%
Magic:  1/1        EV: 11    Int: 10    God:
Gold:   0          SH:  0    Dex: 11    Spells: 0/0 levels left

rFire   . . .      SeeInvis .   a - +0 hand axe
rCold   . . .      Faith    .   (no shield)
rNeg    + . .      Spirit   .   b - +0 leather armour
rPois   ∞          Reflect  .   (no helmet)
rElec   +          Harm     .   (no cloak)
rCorr   .          Rampage  .   (no gloves)
Will    .....                   (no boots)
Stlth   +++.......              (no amulet)
HPRegen 0.04/turn               (no ring)
MPRegen 0.07/turn               (no ring)

@: no status effects
A: sickness immunity, AC +2, negative energy resistance 1, electricity
resistance, torment resistance 1, petrification resistance
a: no special abilities


You were on level 5 of the Dungeon.
You visited 1 branch of the dungeon, and saw 1 of its levels.

Inventory:

Hand Weapons
 a - a +0 hand axe (weapon)
Armour
 b - a +0 leather armour (worn)
Wands
 d - a wand of digging (3)
Scrolls
 c - a scroll of fog
 E - a scroll of fear
 X - a scroll of magic mapping {@r4!r}
Potions
 H - a potion of haste


   Skills:
 - Level 3.2 Fighting
 + Level 2.2 Axes
 - Level 1.5 Dodging
 - Level 5.4 Stealth


You couldn't memorise any spells.
You didn't know any spells.
Your spell library was empty.

Dungeon Overview and Level Annotations

Branches:
Dungeon (5/15)
 Temple: D:4-7

Altars:


Innate Abilities, Weirdness & Mutations

You are immune to sickness and miasma.
Your stone body is resilient. (AC +2)
You are immune to poison.
You resist negative energy. (rN+)
You are resistant to electric shocks. (rElec)
You are resistant to unholy torment.
You are immune to petrification.


Message History

You hear the sound of rushing water.
There is an entrance to a sewer on this level.
Hurry and find it before the portal rusts away!
Welcome, sokol815 the Gargoyle Delver.
They say the Orb of Zot lies within this dungeon, but they say a lot of things.
Found 2 smoky red potions and 17 gold pieces.
Found two stone staircases leading down.
Setting a skill training target for Axes at 14.0.
An orc comes into view. It is wielding a +0 whip.
Found a stone staircase leading up.
A dart slug comes into view.
The orc shouts!
You hit the orc. The orc hits you but does no damage.
You hit the orc.
You kill the orc!
Your Axes skill increases to level 2!
The dart slug launches a dart at you. The slug dart hits you.
You take 2 damage, and have 12/14 hp.
A sky beast comes into view.
The dart slug closely misses you.
You completely miss the dart slug.
The sky beast flickers out of sight!
Deactivating autopickup; reactivate with Ctrl-A.
The dart slug barely misses you.
You hit the dart slug.
The dart slug bites you but does no damage.
You hit the dart slug. You hit the dart slug.
You kill the dart slug!
A sky beast appears from thin air!
Reactivating autopickup.
Found an escape hatch in the floor.
The sky beast hits you. The sky beast shocks you. You resist.
You take 2 damage, and have 10/14 hp.
You hit the sky beast but do no damage.
The sky beast flickers out of sight!
Deactivating autopickup; reactivate with Ctrl-A.
Something hits you. Something shocks you. You resist.
You take 4 damage, and have 6/14 hp.
MASSIVE DAMAGE!!
You hit something. Something hits you. Something shocks you. You resist.
* * * LOW HITPOINT WARNING * * *
You take 2 damage, and have 4/14 hp.
You hit something but do no damage. Something hits you.
* * * LOW HITPOINT WARNING * * *
Something shocks you. You resist.
You die...

#..........#
#..........#
#...!.....>#
#.!........#
##........##
##.)......#
#..........#
##..........#
#..@.......)#
#†.{.$......#
.......≈.........#
>........<......##
##....###......##
##... ########
##.# #. #.


There were no monsters in sight!

Vanquished Creatures
  A dart slug (D:5)
  An orc (D:5)
2 creatures vanquished.

Notes
Turn   | Place    | Note
-------+----------+-------------------------------------------
     0 | D:5      | sokol815 the Gargoyle Delver began the quest for the Orb.
     0 | D:5      | Reached XP level 1. HP: 14/14 MP: 1/1
     8 | D:5      | Reached skill level 2 in Axes
    10 | D:5      | Noticed a sky beast
    19 | D:5      | HP: 1/14 [something (3)]
    19 | D:5      | Slain by a sky beast

Illustrated notes

Levels and vault maps discovered:
D:5:      layout_rooms, minitemple, nicolae_overflow_hallway_of_the_gods,
          serial_shops, shop_statue, cheibrodos_sewer_entry_sluice, uniq_duvessa

Skill      XL: |  1 |
---------------+----+-----
Axes           | 2 |  2.2
Fighting       | |  3.2
Dodging        | |  1.5
Stealth        | |  5.4

Action                   || total
-------------------------++-------
Melee: Hand axe          ||     9
Armor: Leather armour    ||     2
Dodge: Dodged            ||     2

Table legend: (Time is in decaauts)
 A = Elapsed time spent in this place.
 B = Non-inter-level travel time spent in this place.
 C = Inter-level travel time spent in this place.
 D = Time resting spent in this place.
 E = Time spent auto-exploring this place.
 F = Levels seen in this place.
 G = Mean time per level.
                   A        B        C        D        E       F      G
               +--------+--------+--------+--------+--------+-----+--------+
         Total |     20 |     20 |      0 |      0 |      1 |   1 |   20.0 |
       Dungeon |     20 |     20 |      0 |      0 |      1 |   1 |   20.0 |
               +--------+--------+--------+--------+--------+-----+--------+

Top non-repeatable levels by time:
     D:5: 20 daAuts

Table legend:
 A = Kills in this place as a percentage of kills in entire the game.
 B = Kills by you in this place as a percentage of kills by you in the entire game.
 C = Kills by friends in this place as a percentage of kills by friends in the entire game.
 D = Other kills in this place as a percentage of other kills in the entire game.
 E = Experience gained in this place as a percentage of experience gained in the entire game.
 F = Experience gained in this place divided by the number of levels of this place that you have seen.
                   A       B       C       D       E      F
               +-------+-------+-------+-------+-------+----------------------
         Total | 100.0 | 100.0 |   N/A |   N/A | 100.0 |   7.0
       Dungeon | 100.0 | 100.0 |   N/A |   N/A | 100.0 |   7.0
               +-------+-------+-------+-------+-------+----------------------
